 Dungeon Crawl Stone Soup version 0.26-a0-1191-ge2a0e31ab3 (webtiles) character file.

Game seed: 3266818082585475198

3286 vvl the Destroyer (level 9, -5/57 HPs)
             Began as a Demonspawn Fire Elementalist on Dec 29, 2020.
             Was a Follower of Vehumet.
             Slain by a boulder beetle (21 damage)
             ... on level 8 of the Dungeon.
             The game lasted 00:32:19 (8417 turns).

vvl the Destroyer (Demonspawn Fire Elementalist)    Turns: 8417, Time: 00:32:19

Health: -5/57      AC: 12    Str:  9    XL:     9   Next: 69%
Magic:  27/27      EV: 12    Int: 19    God:    Vehumet [*.....]
Gold:   161        SH:  0    Dex: 14    Spells: 4/20 levels left

rFire    . . .     SeeInvis .   v - +4 quarterstaff (chaos)
rCold    . . .     Faith    .   (shield currently unavailable)
rNeg     + . .     Spirit   .   F - +2 robe {rN+}
rPois    +         Reflect  .   a - +0 helmet
rElec    .         Harm     .   w - +1 cloak {rPois}
rCorr    .         Rampage  .   (no gloves)
Will     .....                  h - +0 pair of boots
Stlth    ++........             L - amulet of magic regeneration
HPRegen  0.19/turn              c - +4 ring of protection
MPRegen  0.45/turn              l - ring of magical power

@: brilliant, attractive, very slightly contaminated, hasted, invisible, very
quick
A: talons 1, foul stench 1, spiny 2, miasma immunity
a: Renounce Religion


You were on level 8 of the Dungeon.
You worshipped Vehumet.
Vehumet was aware of your devotion.
You visited 2 branches of the dungeon, and saw 9 of its levels.

You collected 343 gold pieces.
You spent 182 gold pieces at shops.

Inventory:

Hand Weapons
 t - a +2 dagger of distortion
 v - a +4 quarterstaff of chaos (weapon)
 H - a +5 dire flail of protection
 I - a +2 dagger of speed
 N - a +1 dire flail of draining
Missiles
 E - 8 javelins
Armour
 a - a +0 helmet (worn)
 h - a +0 pair of boots (worn)
 n - a +1 hat
 r - a +2 ring mail of fire resistance
 w - a +1 cloak of poison resistance (worn)
 F - a +2 robe of positive energy (worn)
 M - the cursed +0 leather armour "Fadaal" {rF- rC+ rCorr Int+5, unknown}
   (You found it on level 8 of the Dungeon)

   It affects your intelligence (+5).
   It makes you vulnerable to fire.
   It protects you from cold.
   It provides partial protection from all sources of acid and corrosion.
   It has a curse placed upon it.
Magical Staves
 A - an uncursed staff of air
Jewellery
 c - a +4 ring of protection (left hand)
 l - a ring of magical power (right hand)
 o - a +4 ring of evasion
 K - an uncursed ring of protection from cold
 L - an amulet of magic regeneration (around neck)
Wands
 y - a wand of iceblast (17)
 J - a wand of acid (8)
Scrolls
 d - a scroll of remove curse
 i - 7 scrolls of teleportation
 j - a scroll of enchant weapon {unknown}
 k - a scroll of enchant armour {unknown}
 m - 4 scrolls of amnesia
 q - a scroll of magic mapping {unknown}
 s - 3 scrolls of noise {unknown}
 u - 5 scrolls of identify {unknown}
 x - 2 scrolls of fog {unknown}
Potions
 b - a potion of attraction
 e - 2 potions of mutation {unknown}
 f - 2 potions of invisibility
 p - 3 potions of brilliance
 z - a potion of resistance {unknown}
 B - a potion of might {unknown}
 C - 2 potions of haste
 D - a potion of ambrosia {unknown}
 G - a potion of flight {unknown}


   Skills:
 * Level 3.1 Armour
 - Level 1.7 Dodging
 - Level 1.7 Stealth
 + Level 6.2 Spellcasting
 * Level 9.2 Conjurations
 + Level 6.5 Fire Magic
 + Level 3.1 Invocations


You had 4 spell levels left.
You knew the following spells:

 Your Spells              Type           Power        Failure   Level
a - Foxfire               Conj/Fire      100%         1%          1
b - Conjure Flame         Conj/Fire      52%          1%          3
c - Sticky Flame          Conj/Fire      52%          4%          4
d - Inner Flame           Hex/Fire       27%          9%          3
e - Fireball              Conj/Fire      26%          12%         5

Your spell library contained the following spells:

 Spells                   Type           Power        Failure   Level
 Sandblast                Erth           16%          11%         1


Dungeon Overview and Level Annotations

Branches:
Dungeon (8/15)             Temple (1/1) D:7
   Lair: D:8-11

Altars:
Ashenzari
Cheibriados
Dithmenos
Elyvilon
Fedhas
Gozag
Hepliaklqana
Kikubaaqudgha
Makhleb
Nemelex Xobeh
Qazlal
Ru
Sif Muna
Trog
Uskayaw
Vehumet
Wu Jian
Xom
Yredelemnul
Zin
The Shining One

Shops:
D:5 !


Innate Abilities, Weirdness & Mutations

You have sharp toenails.
You may emit foul miasma when damaged in melee.
You are mostly covered in sharp spines.
You are immune to miasma.


Message History

Aiming: Corrosive Bolt
Press: ? - help, Shift-Dir - straight line, f - boulder beetle
Aim: a boulder beetle (lightly wounded, 0% to evade)
The bolt of acid hits the boulder beetle.
The boulder beetle is splashed with acid!
The boulder beetle is moderately wounded.
The boulder beetle curls into a ball and begins rolling!
You fade into invisibility!
You are very lightly contaminated with residual magic.
The boulder beetle is struck by your spines.
The boulder beetle closely misses you.
The boulder beetle stops rolling and uncurls.
It was a potion of attraction.
You feel attractive to monsters.
The boulder beetle completely misses you.
You feel clever all of a sudden. The boulder beetle misses you.
It was a potion of haste.
You feel yourself speed up. The boulder beetle bites you!!
You die...

#... ##..# #..# #..# .
##..## #..# .###....##
##..# #....###.##
##)..# #....####.###
###....#
#....#..#...####...####
....#...##.).)..B.##
###..####..°#...@##
##.B....)..#.#...#
..).......##.##..#
...5##....##.##..##
....##..##...##...#
.#..#.B...........#
.#.#..#.........##.#
..##.#..####<)## #.#
... #..#.. #..# #.#


You could see a boulder beetle.

Vanquished Creatures
  A two-headed ogre (D:8)
  Prince Ribbit (D:6)
  Sigmund (D:6)
  Edmund (D:6)
  An orc warrior (D:8)
  An ice beast (D:8)
  2 phantoms
  A sky beast (D:5)
  A necrophage (D:6)
  3 ogres
  2 centaurs
  2 bullfrogs
  A big kobold (D:7)
  2 howler monkeys
  A hound (D:5)
  Crazy Yiuf (D:3)
  2 orc priests
  6 orc wizards
  2 centaur skeletons
  3 iguanas
  Natasha (D:3)
  Terence (D:3)
  4 worker ants
  A hound zombie (D:8)
  A hound skeleton (D:7)
  A worker ant zombie (D:7)
  11 adders
  A howler monkey skeleton (D:5)
  A shadow imp (D:5)
  2 white imps
  2 oozes
  3 worms
  3 dart slugs
  4 leopard geckos
  26 orcs
  5 giant cockroaches
  6 goblins
  13 hobgoblins
  5 jackals
  3 quokkas
  2 ball pythons (D:4)
  8 bats
  5 frilled lizards
  16 kobolds
  A leopard gecko skeleton (D:8)
  A quokka skeleton (D:4)
  3 rats
165 creatures vanquished.

Vanquished Creatures (others)
  569 foxfires
569 creatures vanquished.

Grand Total: 734 creatures vanquished

Notes
Turn   | Place    | Note
-------+----------+-------------------------------------------
     0 | D:1      | vvl the Demonspawn Fire Elementalist began the quest for
                  | the Orb.
     0 | D:1      | Reached XP level 1. HP: 13/13 MP: 3/3
   267 | D:1      | Gained mutation: You are immune to miasma. [demonic
                  | ancestry]
   267 | D:1      | Reached XP level 2. HP: 19/19 MP: 0/5
   560 | D:1      | Reached skill level 2 in Conjurations
   883 | D:1      | Reached XP level 3. HP: 24/24 MP: 6/6
  1477 | D:2      | Gained mutation: You are partially covered in sharp spines.
                  | [demonic ancestry]
  1477 | D:2      | Reached XP level 4. HP: 27/30 MP: 7/7
  1717 | D:2      | Reached skill level 3 in Conjurations
  1859 | D:2      | Found a hide-covered altar of Uskayaw.
  2538 | D:3      | Gained mutation: You may emit foul miasma when damaged in
                  | melee. [demonic ancestry]
  2538 | D:3      | Reached XP level 5. HP: 35/35 MP: 6/9
  2631 | D:3      | Noticed Terence
  2643 | D:3      | Killed Terence
  2796 | D:3      | Noticed Natasha
  2806 | D:3      | Killed Natasha
  2993 | D:3      | Reached skill level 4 in Conjurations
  3015 | D:3      | Found a broken altar of Ashenzari.
  3065 | D:3      | Found a runed translucent door.
  3066 | D:3      | Noticed Crazy Yiuf
  3085 | D:3      | Killed Crazy Yiuf
  3355 | D:4      | Reached XP level 6. HP: 41/41 MP: 11/11
  3975 | D:4      | Reached skill level 5 in Conjurations
  4060 | D:4      | Found a glowing golden altar of the Shining One.
  4323 | D:4      | Reached XP level 7. HP: 45/46 MP: 12/12
  4370 | D:4      | Found a blossoming altar of Fedhas.
  4727 | D:5      | Entered Level 5 of the Dungeon
  4926 | D:5      | Reached skill level 6 in Conjurations
  5032 | D:5      | Found Zusiequ's Distillery.
  5037 | D:5      | Bought a potion of brilliance for 56 gold pieces
  5037 | D:5      | Bought a potion of invisibility for 112 gold pieces
  5037 | D:5      | Bought a potion of degeneration for 14 gold pieces
  5720 | D:6      | Noticed Prince Ribbit
  5739 | D:6      | HP: 2/46 [Prince Ribbit (14)]
  5745 | D:6      | Killed Prince Ribbit
  5746 | D:6      | Reached skill level 5 in Fire Magic
  5746 | D:6      | Gained mutation: You are mostly covered in sharp spines.
                  | [demonic ancestry]
  5746 | D:6      | Reached XP level 8. HP: 8/52 MP: 15/15
  6171 | D:6      | Found a hazy altar of Hepliaklqana.
  6233 | D:6      | Reached skill level 7 in Conjurations
  6254 | D:6      | Reached skill level 5 in Spellcasting
  6643 | D:6      | Noticed Sigmund
  6658 | D:6      | Killed Sigmund
  6721 | D:6      | Noticed Edmund
  6730 | D:6      | Killed Edmund
  6976 | D:6      | Reached skill level 8 in Conjurations
  7085 | D:6      | Found an opulent altar of Gozag.
  7113 | D:6      | Found an ancient bone altar of Kikubaaqudgha.
  7178 | D:6      | Gained mutation: You have sharp toenails. [demonic
                  | ancestry]
  7178 | D:6      | Reached XP level 9. HP: 57/57 MP: 17/17
  7342 | D:7      | Found a staircase to the Ecumenical Temple.
  7381 | Temple   | Entered the Ecumenical Temple
  7439 | Temple   | Became a worshipper of Vehumet
  7659 | D:7      | Reached skill level 1 in Invocations
  7763 | D:7      | Reached skill level 1 in Armour
  7835 | D:7      | Found a blossoming altar of Fedhas.
  8028 | D:7      | Learned a level 3 spell: Conjure Flame
  8033 | D:7      | Learned a level 4 spell: Sticky Flame
  8037 | D:7      | Learned a level 3 spell: Inner Flame
  8044 | D:7      | Learned a level 5 spell: Fireball
  8062 | D:8      | Got a heavily runed leather armour
  8086 | D:8      | Noticed a two-headed ogre
  8102 | D:8      | Killed a two-headed ogre
  8103 | D:8      | Reached skill level 9 in Conjurations
  8372 | D:8      | Noticed a boulder beetle
  8398 | D:8      | Reached * piety under Vehumet
  8398 | D:8      | Offered knowledge of Sandblast by Vehumet.
  8417 | D:8      | Slain by a boulder beetle

Illustrated notes

Levels and vault maps discovered:
D:1:      wander_arrival_fairy_ring, layout_basic, st_stairs_6,
          minmay_split_cup_large
D:2:      layout_rooms, lemuel_doored_altar, minmay_surrounded
D:3:      layout_basic, nicolae_overflow_crystal_walls, uniq_crazy_yiuf_cottage,
          uniq_terence, uniq_natasha
D:4:      minmay_skewed_foursquare, layout_layer_cave, general_overflow_altar,
          nicolae_tso_swordbearing_angel
D:5:      layout_basic, serial_shops, shop, hangedman_decor_riveting
D:6:      layout_basic, overflow_temple_1_default, nzn_hepliaklqana_mist_gate,
          kennysheep_mini_moat, sigmund_edmund_badplayer, uniq_prince_ribbit1
D:7:      layout_rooms, temple_pool_b, fedhas_altar_fruit_tree
D:8:      layout_layer_cave, enter_bailey_3
Temple:   eino_temple_water

Skill      XL: |  1  2  3  4  5  6  7  8  9 |
---------------+----------------------------+-----
Conjurations   | 2 3 4 5 6 8 9 |  9.2
Fire Magic     | 3 4 5 6 |  6.5
Spellcasting   | 3 4 5 6 |  6.2
Invocations    | 3 |  3.1
Armour         | 3 |  3.1
Dodging        | |  1.7
Stealth        | |  1.7

Action                   |  1- 3 |  4- 6 |  7- 9 || total
-------------------------+-------+-------+-------++-------
Melee: Unarmed           |     8 |       |       ||     8
       Short sword       |    54 |     9 |       ||    63
       Quarterstaff      |       |    20 |    76 ||    96
 Cast: Foxfire           |    41 |   136 |   166 ||   343
       Sticky Flame      |       |       |     1 ||     1
Evoke: Wand              |       |       |     1 ||     1
  Use: Scroll            |       |       |     4 ||     4
       Potion            |       |       |     6 ||     6
 Stab: Sleeping          |     1 |     2 |     3 ||     6
Armor: Robe              |    16 |       |    12 ||    28
       Leather armour    |    17 |    10 |    19 ||    46
Dodge: Dodged            |    53 |    27 |    80 ||   160

Table legend: (Time is in decaauts)
 A = Elapsed time spent in this place.
 B = Non-inter-level travel time spent in this place.
 C = Inter-level travel time spent in this place.
 D = Time resting spent in this place.
 E = Time spent auto-exploring this place.
 F = Levels seen in this place.
 G = Mean time per level.
                   A        B        C        D        E       F      G
               +--------+--------+--------+--------+--------+-----+--------+
         Total |   8448 |   7983 |    465 |    518 |   6252 |   9 |  938.7 |
       Dungeon |   8223 |   7775 |    448 |    518 |   6047 |   8 | 1027.9 |
        Temple |    224 |    207 |     17 |      0 |    205 |   1 |  224.0 |
               +--------+--------+--------+--------+--------+-----+--------+

Top non-repeatable levels by time:
     D:6: 1664 daAuts
     D:4: 1431 daAuts
     D:3: 1241 daAuts
     D:1: 1081 daAuts
     D:2: 983 daAuts
     D:5: 880 daAuts
     D:7: 566 daAuts
     D:8: 373 daAuts
  Temple: 224 daAuts
